 Dungeon Crawl Stone Soup version 0.27-a0-1147-gb3d8e82157 (webtiles) character file.

Game seed: 15319742152964303635

2 experimilk the Chiller (level 1, 10/10 HPs)
             Began as a Gargoyle Ice Elementalist on May 12, 2021.
             Was a Follower of Makhleb.
             Got out of the dungeon alive.
             The game lasted 00:01:11 (195 turns).

experimilk the Chiller (Gargoyle Ice Elementalist)   Turns: 195, Time: 00:01:12

Health: 10/10      AC:  4    Str: 11    XL:     1   Next: 30%
Magic:  3/3        EV: 12    Int: 15    God:    Makhleb [*.....]
Gold:   0          SH:  0    Dex: 10    Spells: 3/4 levels left

rFire    . . .     SeeInvis .   e - +0 dagger (speed)
rCold    . . .     Faith    .   (no shield)
rNeg     + . .     Spirit   .   a - +0 robe
rPois    ∞         Reflect  .   (no helmet)
rElec    +         Harm     .   (no cloak)
rCorr    .         Rampage  .   (no gloves)
Will     .....                  (no boots)
Stlth    ++........             (no amulet)
HPRegen  0.03/turn              (no ring)
MPRegen  0.08/turn              (no ring)

@: no status effects
A: sickness immunity, AC +2, negative energy resistance 1, electricity
resistance, torment resistance 1, petrification resistance
a: Renounce Religion


You escaped.
You worshipped Makhleb.
Makhleb was aware of your devotion.
You visited 1 branch of the dungeon, and saw 1 of its levels.

Inventory:

Hand Weapons
 b - a +0 club
 e - a +0 dagger of speed (weapon)
Missiles
 c - 2 throwing nets (quivered)
Armour
 a - a +0 robe (worn)
Scrolls
 d - a scroll of fog {unknown}


   Skills:
 + Level 1.6 Dodging
 - Level 2.1 Stealth
 + Level 2.0 Spellcasting
 * Level 4.0 Ice Magic


You had 3 spell levels left.
You knew the following spells:

 Your Spells              Type           Power      Damage    Failure   Level
a - Freeze                Ice            52%        1d7       4%          1

Your spell library contained the following spells:

 Spells                   Type           Power      Damage    Failure   Level
 Frozen Ramparts          Ice            26%        1d4       13%         3
 Ozocubu's Armour         Ice            13%        N/A       13%         3
 Hailstorm                Conj/Ice       7%         3d4       67%         4
 Metabolic Englaciation   Hex/Ice        3%         N/A       95%         5


Dungeon Overview and Level Annotations

Branches:
Dungeon (1/15)

Altars:
Makhleb


Innate Abilities, Weirdness & Mutations

You are immune to sickness and miasma.
Your stone body is resilient. (AC +2)
You are immune to poison.
You resist negative energy. (rN+)
You are resistant to electric shocks. (rElec)
You are resistant to unholy torment.
You are immune to petrification.


Message History

The withered plant is lightly damaged.
You hit the withered plant.
The withered plant is lightly damaged.
You hit the withered plant.
The withered plant is lightly damaged.
You hit the withered plant but do no damage.
You hit the withered plant.
The withered plant begins to crumble.
The withered plant is lightly damaged.
You hit the withered plant.
The withered plant begins to crumble.
The withered plant is lightly damaged.
The withered plant crumbles away.
The withered plant crumbles away.
The withered plant crumbles away.
You hit the withered plant.
The withered plant begins to crumble.
The withered plant is lightly damaged.
You hit the withered plant.
The withered plant begins to crumble.
The withered plant is lightly damaged.
You hit the plant.
The plant begins to die.
The plant is lightly damaged.
The withered plant crumbles away.
The withered plant crumbles away.
A nearby plant withers and dies.
You hit the withered plant but do no damage.
You hit the withered plant but do no damage.
You hit the withered plant.
The withered plant begins to crumble.
The withered plant is lightly damaged.
The withered plant crumbles away.
There is a faded altar of an unknown god here.
You cannot tell which god this altar belongs to.
Convert to them anyway?
Makhleb accepts your prayer! Makhleb welcomes you!
You can now gain health from killing.
You open the door.
There is an open door here.
There is a burning altar of Makhleb here.
There is an open door here.
There is a staircase leading out of the dungeon here.
Are you sure you want to leave the Dungeon?
This will make you lose the game!
Alright, then stay!
Are you sure you want to leave the Dungeon?
This will make you lose the game!
You have escaped!

.........# .......#.#
#.#....#.# .........#
.........# #........#
#...#..########
#..............#####
#............###@.÷#
#....#######.#.....##
......#### ##......#
#.#......## #.......#
#.#.......###...##...#
#.#....##......##
...÷. #......##.....##
#÷÷... #.##..........#
?..## #........######
...#


There were no monsters in sight!

Vanquished Creatures
  A goblin (D:1)
  A rat (D:1)
2 creatures vanquished.

Vanquished Creatures (others)
  A plant (D:1)
  6 withered plants (D:1)
7 creatures vanquished.

Grand Total: 9 creatures vanquished

Notes
Turn   | Place    | Note
-------+----------+-------------------------------------------
     0 | D:1      | experimilk the Gargoyle Ice Elementalist began the quest
                  | for the Orb.
     0 | D:1      | Reached XP level 1. HP: 10/10 MP: 3/3
   111 | D:1      | Found a faded altar of an unknown god.
   143 | D:1      | Became a worshipper of Makhleb the Destroyer
   143 | D:1      | Reached * piety under Makhleb
   195 | D:$      | Got out of the dungeon alive.

Illustrated notes

Levels and vault maps discovered:
D:1:      amcnicky_arrival_wind_blow, layout_basic,
          shapermc_ecumenical_altar_flowoftime

Action                   || total
-------------------------++-------
Melee: Dagger            ||    14
       Club              ||     1
 Cast: Freeze            ||     3
Armor: Robe              ||     2
Dodge: Dodged            ||     1

Table legend: (Time is in decaauts)
 A = Elapsed time spent in this place.
 B = Non-inter-level travel time spent in this place.
 C = Inter-level travel time spent in this place.
 D = Time resting spent in this place.
 E = Time spent auto-exploring this place.
 F = Levels seen in this place.
 G = Mean time per level.
                   A        B        C        D        E       F      G
               +--------+--------+--------+--------+--------+-----+--------+
         Total |    189 |    189 |      0 |     65 |      0 |   1 |  189.0 |
       Dungeon |    189 |    189 |      0 |     65 |      0 |   1 |  189.0 |
               +--------+--------+--------+--------+--------+-----+--------+

Top non-repeatable levels by time:
     D:1: 189 daAuts
